 Dungeon Crawl Stone Soup version 0.27.1-33-g824d729ab1 (webtiles) character file.

Game seed: 5070778477479230536

477 Descartes the Ducker (level 7, 0/52 HPs)
             Began as a Djinni Warper on Dec 27, 2021.
             Shot with a bolt by a kobold brigand (1 damage)
             ... in a sewer on Dec 28, 2021.
             The game lasted 00:06:52 (4817 turns).

Descartes the Ducker (Djinni Warper)                Turns: 4817, Time: 00:06:52

Health: 0/52       AC: 10    Str: 12    XL:     7   Next: 33%
Gold:   68         EV:  6    Int: 14    God:
                   SH:  0    Dex: 13

rFire    + + .     SeeInvis .   g - +3 quarterstaff (chaos)
rCold    x . .     Faith    .   (shield currently unavailable)
rNeg     . . .     Spirit   .   j - +0 chain mail
rPois    ∞         Reflect  .   o - +0 helmet
rElec    .         Harm     .   p - +0 cloak {Will+}
rCorr    .         Rampage  .   (no gloves)
Will     +....                  (boots unavailable)
Stlth    ..........             (no amulet)
HPRegen  0.17/turn              (no ring)
MPRegen  0.00/turn              (no ring)

@: flying
A: sickness immunity, fire resistance 2, cold vulnerability 1, float, innate
caster, hp casting, extra vitality 1, MP-powered wands
a: no special abilities


You were in a sewer.
You visited 1 branch of the dungeon, and saw 3 of its levels.
You also visited: Sewer.

You collected 68 gold pieces.

Inventory:

Hand Weapons
 a - a +0 falchion
 g - a +3 quarterstaff of chaos (weapon)
 n - a +0 dagger of venom
Missiles
 d - 5 boomerangs of dispersal (quivered)
 e - 29 poisoned darts
 f - 56 stones
 s - 27 bolts
 t - a curare-tipped dart
Armour
 j - a +0 chain mail (worn)
 o - a +0 helmet (worn)
 p - a +0 cloak of willpower (worn)
Scrolls
 c - 3 scrolls of blinking
 h - 2 scrolls of identify
 i - 2 scrolls of enchant armour {unknown}
 m - a scroll of enchant weapon {unknown}
 r - a scroll of fog {unknown}
Potions
 b - a potion of degeneration {unknown}
 k - a potion of haste {unknown}
 u - a potion of cancellation {unknown}


   Skills:
 + Level 4.0 Fighting
 - Level 1.4(2.0) Short Blades
 - Level 2.0(2.2) Long Blades
 + Level 1.9 Staves
 - Level 0.7 Throwing
 - Level 2.0 Armour
 + Level 4.2 Dodging
 - Level 0.8 Stealth
 + Level 3.5 Spellcasting


You couldn't memorise any spells.
You knew the following spells:

 Your Spells              Type           Power      Damage    Failure   Level
a - Blink                 Tloc           N/A        N/A       96%         2
b - Lesser Beckoning      Tloc           6%         N/A       99%         3
c - Gell's Gravitas       Tloc           6%         N/A       99%         3
d - Teleport Other        Tloc           12%        N/A       99%         3
e - Manifold Assault      Tloc           12%        N/A       100%        5
f - Sandblast             Erth           24%        2d8       89%         1
g - Wereblood             Tmut           12%        N/A       96%         2
h - Poisonous Vapours     Pois/Air       24%        N/A       96%         2
Your spell library was empty.

Dungeon Overview and Level Annotations

Branches:
Dungeon (3/15)              Sewer (1/1)

Altars:


Innate Abilities, Weirdness & Mutations

You are immune to sickness and miasma.
You are immune to poison.
Your flesh is very heat resistant. (rF++)
You are vulnerable to cold. (rC-)
You float through the air rather than walking.
You learn spells naturally, not from books.
Your magical power is your life essence.
You have superior vitality. (+4 HP)
You expend health (3 HP) to strengthen your wands.


Message History

You are too injured to fight recklessly!
You are too injured to fight recklessly!
You are too injured to fight recklessly!
You are too injured to fight recklessly!
You are too injured to fight recklessly!
You are too injured to fight recklessly!
You are too injured to fight recklessly!
You are too injured to fight recklessly!
You are too injured to fight recklessly!
You are too injured to fight recklessly!
You are too injured to fight recklessly!
You are too injured to fight recklessly!
You are too injured to fight recklessly!
You are too injured to fight recklessly!
You are too injured to fight recklessly!
You are too injured to fight recklessly!
You hit the kobold brigand. You freeze the kobold brigand.
The kobold brigand is heavily wounded.
The kobold brigand barely misses you.
The kobold brigand shoots a bolt.
The bolt hits you.
Your chain mail prevents you from hitting the kobold brigand.
The kobold brigand is heavily wounded.
The kobold brigand splashes around in the water.
The kobold brigand shoots a bolt.
The bolt hits you!
* * * LOW HITPOINT WARNING * * *
You closely miss the kobold brigand.
The kobold brigand is heavily wounded.
The kobold brigand hits you with a +0 short sword.
* * * LOW HITPOINT WARNING * * *
The kobold brigand shoots a bolt.
The bolt hits you but does no damage.
The kobold brigand hits you with a +0 short sword.
* * * LOW HITPOINT WARNING * * *
It was a potion of mutation.
You feel extremely strange.
You feel your magical essence link to the dungeon's wands.
The kobold brigand shoots a bolt.
The bolt hits you but does no damage.
The kobold brigand splashes around in the water.
It was a potion of flight.
You feel more buoyant.
The kobold brigand shoots a bolt.
The bolt hits you.
You die...

≈≈≈≈##≈≈ ....≈.≈
#≈≈.... #≈.≈≈≈.
#≈≈≈≈≈. #≈≈≈≈.≈
####### ##≈≈..≈≈
#.≈K≈≈##### ##..≈≈≈..
#@≈≈≈.####..≈≈##≈≈
#.≈≈K.###..≈..≈≈.####.
####### #≈≈≈..≈≈.# ##≈
#.≈≈.≈.≈####≈≈
..≈≈########..≈. #####
#..≈.. #.≈.≈# #.≈.##
#..≈#


You could see 2 kobold brigands.

Vanquished Creatures
  4 kobold brigands (Sewer)
  Crazy Yiuf (D:2)
  Robin (D:1)
  8 adders
  4 worms
  2 dart slugs
  4 bats
  11 endoplasms
  3 giant cockroaches
  11 goblins
  3 hobgoblins
  6 quokkas
  6 ball pythons
  4 frilled lizards
  4 kobolds
  12 rats
84 creatures vanquished.

Vanquished Creatures (others)
  2 fungi (D:2)
  2 plants (D:2)
  4 toadstools (D:1)
8 creatures vanquished.

Grand Total: 92 creatures vanquished

Notes
Turn   | Place    | Note
-------+----------+-------------------------------------------
     0 | D:1      | Descartes the Djinni Warper began the quest for the Orb.
     0 | D:1      | Reached XP level 1. HP: 18/18 MP: 0/0
   360 | D:1      | Reached XP level 2. HP: 20/23 MP: 0/0
   993 | D:1      | Reached XP level 3. HP: 19/28 MP: 0/0
   993 | D:1      | Learned a level 1 spell: Sandblast
  1892 | D:2      | Reached XP level 4. HP: 18/33 MP: 0/0
  2801 | D:2      | Noticed Robin
  2813 | D:2      | Reached XP level 5. HP: 28/40 MP: 0/0
  2813 | D:2      | Learned a level 2 spell: Wereblood
  2893 | D:1      | Killed Robin
  3481 | D:2      | Found a runed translucent door.
  3482 | D:2      | Noticed Crazy Yiuf
  3490 | D:2      | Killed Crazy Yiuf
  3776 | D:2      | Found a faded altar of an unknown god.
  3885 | D:3      | Found a glowing drain.
  3912 | Sewer    | Entered a sewer
  4059 | Sewer    | Reached skill level 1 in Short Blades
  4080 | Sewer    | Noticed a kobold brigand
  4097 | Sewer    | Killed a kobold brigand
  4098 | Sewer    | Reached XP level 6. HP: 35/46 MP: 0/0
  4210 | Sewer    | Reached skill level 1 in Staves
  4541 | Sewer    | Reached XP level 7. HP: 28/51 MP: 0/0
  4541 | Sewer    | Learned a level 2 spell: Poisonous Vapours
  4815 | Sewer    | HP: 1/52 [kobold brigand (4)]
  4816 | Sewer    | Gained mutation: You expend health (3 HP) to strengthen
                  | your wands. [potion of mutation]
  4817 | Sewer    | Shot with a bolt by a kobold brigand

Illustrated notes

Levels and vault maps discovered:
D:1:      ldierk_water_garden, layout_basic, hangedman_feature_mirror
D:2:      minmay_door_path, layout_loops_ring, shapermc_ecumenical_altar_petra,
          uniq_robin, uniq_crazy_yiuf_cottage
D:3:      layout_basic, nzn_hepliaklqana_mist_gate, portal_sewer_entry_a
Sewer:    sewer_co_tree

Skill      XL: |  1  2  3  4  5  6  7 |
---------------+----------------------+-----
Long Blades    | 2 |  2.0
Armour         | 2 |  2.0
Dodging        | 3 4 |  4.2
Fighting       | 3 4 |  4.0
Spellcasting   | 3 |  3.5
Short Blades   | 1 |  1.4
Staves         | 1 |  1.9
Throwing       | |  0.7
Stealth        | |  0.8

Action                   |  1- 3 |  4- 6 |  7- 9 || total
-------------------------+-------+-------+-------++-------
Melee: Falchion          |    97 |    70 |       ||   167
       Dagger            |       |    50 |       ||    50
       Quarterstaff      |       |    97 |    29 ||   126
  Use: Scroll            |       |     2 |       ||     2
       Potion            |       |       |     2 ||     2
 Stab: Sleeping          |     1 |       |       ||     1
       Paralysed         |       |     1 |       ||     1
Armor: Leather armour    |    32 |       |       ||    32
       Chain mail        |    17 |   159 |    13 ||   189
Dodge: Dodged            |    53 |    74 |     7 ||   134
       Rpst.: Falchion   |    21 |     4 |       ||    25
